 Dungeon Crawl Stone Soup version 0.23.0-3-gf3c87f2 (webtiles) character file.

Game seed: 10478789632078917422

86 xccam the Insei (level 4, -3/28 HPs)
             Began as an Octopode Transmuter on Feb 21, 2019.
             Was an Initiate of Okawaru.
             Slain by a hobgoblin
             ... wielding a +0 club
              (7 damage)
             ... on level 3 of the Dungeon.
             The game lasted 00:04:02 (1778 turns).

xccam the Insei (Octopode Transmuter)               Turns: 1778, Time: 00:04:03

Health: -3/28      AC:  1    Str: 10    XL:     4   Next: 50%
Magic:  7/7        EV: 13    Int: 15    God:    Okawaru [......]
Gold:   123        SH:  0    Dex: 12    Spells: 4/7 levels left

rFire    . . .     SeeInvis .     - Unarmed
rCold    . . .     Gourm    .   (no shield)
rNeg     . . .     Faith    .   (helmet restricted)
rPois    .         Spirit   .   l - amulet of inaccuracy (curse)
rElec    .         Reflect  .   (no ring)
rCorr    .         Harm     .   (no ring)
MR       .....                  (no ring)
Stlth    ++........             (no ring)
HPRegen  0.09/turn              (no ring)
MPRegen  0.10/turn              (no ring)
                                (no ring)
                                (no ring)

@: very slightly contaminated
A: almost no armour, stealthy swim, amphibious, 8 rings, constrict 8, camouflage
1, gelatinous body 1
a: Renounce Religion


You were on level 3 of the Dungeon.
You worshipped Okawaru.
Okawaru was noncommittal.
You were very hungry.

You visited 1 branch of the dungeon, and saw 3 of its levels.

You collected 123 gold pieces.

Inventory:

Missiles
 a - 27 arrows
Jewellery
 l - a cursed amulet of inaccuracy (around mantle)
Potions
 g - a potion of mutation
 i - a potion of agility {unknown}
Comestibles
 c - a ration


   Skills:
 - Level 1.0 Fighting
 - Level 2.0 Dodging
 * Level 4.3 Unarmed Combat
 - Level 2.0 Spellcasting
 * Level 3.2 Transmutations
 + Level 0.4 Invocations


You had 4 spell levels left.
You knew the following spells:

 Your Spells              Type           Power        Failure   Level  Hunger
a - Beastly Appendage     Tmut           ##....       6%          1    #......
b - Sticks to Snakes      Tmut           ##......     9%          2    ###....

Your spell library contained the following spells:

 Spells                   Type           Power        Failure   Level  Hunger
 Spider Form              Tmut/Pois      #.........   34%         3    ###....
 Ice Form                 Ice/Tmut       #.......     75%         4    #####..
 Blade Hands              Tmut           ##........   86%         5    ######.


Dungeon Overview and Level Annotations

Branches:
Dungeon (3/15)

Altars:
Okawaru
Sif Muna


Innate Abilities, Weirdness & Mutations

You cannot wear most types of armour.
You are very stealthy in the water. (Stealth+)
You are amphibious.
You can wear up to eight rings at the same time.
You can use your tentacles to constrict eight enemies at once.
Your skin changes colour to match your surroundings (Stealth+).
Your rubbery body absorbs attacks. (AC +1, EV +1)


Message History

The goblin shoots a stone.
The stone barely misses you.
You see here 3 stones.
Your tentacle spike disappears.
Found a ring mail.
A hobgoblin comes into view. It is wielding a +0 club.
A rat comes into view.
Found a stone staircase leading up.
The rat bites you but does no damage.
You closely miss the rat. You grab the rat. You squeeze the rat.
You kill the rat!
Okawaru accepts your kill.
You see here a rat corpse.
You butcher the rat corpse.
Things that are here:
a chunk of flesh; a rat skeleton Eat a chunk of flesh? (ye/n/q)
You eat the chunk of flesh.
This raw flesh tastes terrible.
You are feeling very hungry.
The hobgoblin hits you with a +0 club!
You die...

#.#.#
.#
#.#.#
#.#.#
#.#
#.#
#.#
#.#
#g#
#@#
#.#
#.#
..#
#<#
###


You could see a hobgoblin.

Vanquished Creatures
  3 adders
  An ooze (D:2)
  2 worms (D:2)
  2 dart slugs (D:1)
  A leopard gecko (D:2)
  4 giant cockroaches
  2 goblins (D:1)
  3 hobgoblins
  4 bats
  A frilled lizard (D:2)
  7 kobolds
  4 rats
34 creatures vanquished.

Vanquished Creatures (collateral kills)
  2 adders (D:3)
2 creatures vanquished.

Grand Total: 36 creatures vanquished

Notes
Turn   | Place    | Note
-------+----------+-------------------------------------------
     0 | D:1      | xccam the Octopode Transmuter began the quest for the Orb.
     0 | D:1      | Reached XP level 1. HP: 13/13 MP: 3/3
    80 | D:1      | Reached XP level 2. HP: 18/18 MP: 5/5
    84 | D:1      | Learned a level 2 spell: Sticks to Snakes
   553 | D:2      | Reached XP level 3. HP: 17/23 MP: 6/6
   823 | D:2      | Reached skill level 4 in Unarmed Combat
  1086 | D:2      | Reached XP level 4. HP: 28/28 MP: 5/7
  1098 | D:2      | Found a deep blue altar of Sif Muna.
  1191 | D:2      | Found an iron altar of Okawaru.
  1204 | D:2      | Became a worshipper of Warmaster Okawaru
  1729 | D:3      | Noticed a bullfrog
  1746 | D:3      | HP: 1/28 [goblin/stone (7)]
  1778 | D:3      | Slain by a hobgoblin

Skill      XL: |  1  2  3 |
---------------+----------+-----
Unarmed Combat | 4 |  4.3
Transmutations | 3 |  3.2
Fighting       | |  1.0
Dodging        | |  2.0
Spellcasting   | |  2.0
Invocations    | |  0.4

Action                   |  1- 3 |  4- 6 || total
-------------------------+-------+-------++-------
Melee: Unarmed           |    67 |    18 ||    85
       Constrict         |    13 |     3 ||    16
       Tentacles         |     9 |     3 ||    12
       Kick              |    10 |     1 ||    11
       Punch             |     3 |       ||     3
 Cast: Beastly Appendage |     7 |     3 ||    10
       Sticks to Snakes  |       |     3 ||     3
  Use: Scroll            |     5 |     1 ||     6
       Potion            |       |     2 ||     2
 Stab: Sleeping          |     7 |     1 ||     8
  Eat: Chunk             |     1 |     1 ||     2
Armor: Skin              |    14 |     4 ||    18
Dodge: Dodged            |    29 |    20 ||    49
